 Dungeon Crawl Stone Soup version 0.28.0-62-gf88900778d (webtiles) character file.

Game seed: 6546572848162022242

849 cbfl8 the Cleaver (level 8, 0/69 HPs)
             Began as a Hill Orc Berserker on June 28, 2023.
             Was a Priest of Trog.
             Shot with an arrow by a centaur (5 damage)
             ... on level 5 of the Dungeon.
             The game lasted 00:04:47 (6835 turns).

cbfl8 the Cleaver (Hill Orc Berserker)              Turns: 6835, Time: 00:04:47

Health: 0/69       AC:  6    Str: 20    XL:     8   Next: 1%
Magic:  8/8        EV: 11    Int:  7    God:    Trog [***...]
Gold:   245        SH:  3    Dex: 12    Spells: 7/7 levels left

rFire   . . .      SeeInvis .   b - +3 hand axe
rCold   . . .      Faith    .   l - +0 buckler
rNeg    + . .      Spirit   .   a - +1 ring mail {Will+}
rPois   .          Reflect  .   (no helmet)
rElec   .          Harm     .   (no cloak)
rCorr   .          Rampage  .   (no gloves)
Will    +....                   (no boots)
Stlth   +.........              m - amulet of regeneration
HPRegen 1.01/turn               g - ring of positive energy
MPRegen 0.11/turn               (no ring)

@: on berserk cooldown, slowed, very slow
A: no striking features
a: Renounce Religion, Berserk, Trog's Hand


You were on level 5 of the Dungeon.
You worshipped Trog.
Trog was most pleased with you.
You visited 1 branch of the dungeon, and saw 5 of its levels.

You collected 245 gold pieces.

Inventory:

Hand Weapons
 b - a +3 hand axe (weapon)
Armour
 a - a +1 ring mail of willpower (worn)
 l - a +0 buckler (worn)
Jewellery
 g - a ring of positive energy (left hand)
 m - an amulet of regeneration (around neck)
 p - a ring of fire
Wands
 o - a wand of acid (7)
 q - a wand of polymorph (10)
Scrolls
 d - 5 scrolls of teleportation
 e - 3 scrolls of blinking
 h - a scroll of enchant weapon
 i - a scroll of immolation
 j - a scroll of noise
Potions
 c - 4 potions of haste
 f - a potion of might
 k - a potion of invisibility {unknown}
 n - a potion of ambrosia {unknown}


   Skills:
 + Level 5.4 Fighting
 + Level 8.0 Axes
 + Level 3.7 Armour
 + Level 2.9 Dodging
 + Level 1.3 Stealth
 + Level 0.7 Shields
 * Level 3.5 Evocations


You had 7 spell levels left.
You didn't know any spells.
Your spell library was empty.

Dungeon Overview and Level Annotations

Branches:
Dungeon (5/15)             Temple (0/1) D:4

Altars:
Hepliaklqana
Trog


Message History

The phantom closely misses you.
You slice the phantom!!
The phantom is severely damaged.
You block the phantom's attack.
You barely miss the phantom.
The phantom is severely damaged.
The centaur shoots an arrow.
The arrow hits you but does no damage.
You miss the phantom.
The phantom is severely damaged.
The phantom barely misses you.
The centaur shoots an arrow.
The arrow closely misses you.
You hit the phantom.
The phantom is severely damaged.
The centaur shoots an arrow.
The arrow barely misses you.
You closely miss the phantom.
The phantom is severely damaged.
The phantom hits you.
* * * LOW HITPOINT WARNING * * *
The phantom blinks!
You blink. 2 orcs come into view.
Found a chain mail.
You slash the phantom!
You destroy the phantom!
Trog accepts your kill.
The orc shouts! x2; You hear a shout!
The centaur shoots an arrow.
The arrow hits you.
* * * LOW HITPOINT WARNING * * *
An orc priest comes into view. It is wielding a +0 flail.
The centaur shoots an arrow.
The arrow hits you.
* * * LOW HITPOINT WARNING * * *
Your Axes skill increases to level 8!
You have reached level 8!
You are too berserk!
The centaur shoots an arrow.
The arrow hits you!
* * * LOW HITPOINT WARNING * * *
You feel a strong urge to attack something.
You are no longer berserk.
You are exhausted.
You feel yourself slow down.
The centaur shoots an arrow.
The arrow hits you.
You die...

..[....#####......#
#####
..o...............#
#.... o.o........c..#
#.... ............#
#.... #..........#
#....
#..........#######....
#..........#..........
#..........#.......###
#....@............##≈≈
#......>..........#≈≈≈
#######.####......#≈≈≈
#.# #..:...#≈≈≈ #.#
#####..##≈≈ #.#
####.#### #.# #.....#
#########.## #...#.#
#..........# #...#.##


You could see a centaur and an orc.

Vanquished Creatures
  An ogre (D:4)
  A phantom (D:5)
  A scorpion (D:5)
  A centaur zombie (D:5)
  2 orc priests
  A hound (D:4)
  A jelly (D:4)
  2 bullfrog skeletons (D:5)
  Natasha (thrice) (D:4)
  An iguana (D:5)
  3 orc wizards
  A howler monkey zombie (D:5)
  7 gnolls
  4 adders
  An ufetubus (D:5)
  An adder skeleton (D:4)
  4 worms
  2 dart slugs (D:1)
  11 orcs
  9 endoplasms
  5 giant cockroaches
  8 goblins
  9 hobgoblins
  5 jackals
  5 quokkas
  6 ball pythons
  11 bats
  5 frilled lizards
  7 kobolds
  7 rats
125 creatures vanquished.

Vanquished Creatures (others)
  A plant (D:1)
1 creature vanquished.

Grand Total: 126 creatures vanquished

Notes
Turn   | Place    | Note
-------+----------+-------------------------------------------
     0 | D:1      | cbfl8 the Hill Orc Berserker began the quest for the Orb.
     0 | D:1      | Reached XP level 1. HP: 19/19 MP: 1/1
   316 | D:1      | Reached XP level 2. HP: 27/27 MP: 2/2
   578 | D:1      | Found a faded altar of an unknown god.
   635 | D:1      | Reached skill level 1 in Evocations
   635 | D:1      | Reached XP level 3. HP: 22/33 MP: 3/3
  1128 | D:1      | Reached ** piety under Trog
  1303 | D:2      | Reached skill level 5 in Axes
  1645 | D:2      | Reached XP level 4. HP: 30/40 MP: 4/4
  2788 | D:3      | Reached XP level 5. HP: 39/47 MP: 5/5
  2891 | D:3      | Reached skill level 6 in Axes
  4330 | D:4      | Reached skill level 1 in Stealth
  4330 | D:4      | Reached XP level 6. HP: 49/53 MP: 6/6
  4506 | D:4      | Noticed Natasha
  4514 | D:4      | Killed Natasha
  4551 | D:4      | Noticed Natasha
  4561 | D:4      | Killed Natasha
  4775 | D:4      | Noticed Natasha
  4786 | D:4      | Killed Natasha
  4786 | D:4      | Reached *** piety under Trog
  5000 | D:4      | Reached skill level 7 in Axes
  5001 | D:4      | Reached XP level 7. HP: 44/60 MP: 7/7
  5327 | D:4      | Reached skill level 5 in Fighting
  5682 | D:4      | Found a staircase to the Ecumenical Temple.
  6084 | D:5      | Entered Level 5 of the Dungeon
  6085 | D:5      | Found a bloodstained altar of Trog.
  6789 | D:5      | Found a hazy altar of Hepliaklqana.
  6833 | D:5      | Reached skill level 8 in Axes
  6833 | D:5      | Reached XP level 8. HP: 18/69 MP: 8/8
  6835 | D:5      | Shot with an arrow by a centaur

Illustrated notes

Levels and vault maps discovered:
D:1:      nicolae_arrival_somewhat_less_tricky_arrival, layout_loops_ring,
          ebering_ecumenical_altar_mist, minmay_shallow_snake_nest
D:2:      minmay_skewed_foursquare, layout_loops_ring, minmay_misc_feat_plants
D:3:      layout_rooms, serial_co_window_serial, co_window_corner_a,
          co_window_paths_b, co_window_corner_a, co_window_paths_b,
          co_window_corner_a, co_window_cross_3, co_window_cross_3,
          co_window_of_opportunity_b, co_window_paths_e, co_window_sun,
          glass_columns_a, glass_columns_b, glass_columns_b, glass_columns_a,
          glass_columns_b, minmay_ruptured
D:4:      layout_basic, temple_hall, columned_hall_lemuel, uniq_natasha
D:5:      layout_basic, mainiacjoe_overflow_concentric_impassable,
          worldfamousw_hep_ancestral_shrine, ebering_ghost_disaster_area,
          st_stairs_4

Skill      XL: |  1  2  3  4  5  6  7 |
---------------+----------------------+-----
Fighting       | 4 5 |  5.4
Evocations     | 1 2 3 |  3.5
Axes           | 5 6 7 8 |  8.0
Dodging        | 2 |  2.9
Stealth        | 1 |  1.3
Armour         | 3 |  3.7
Shields        | |  0.7

Action                   |  1- 3 |  4- 6 |  7- 9 || total
-------------------------+-------+-------+-------++-------
Melee: Hand axe          |   104 |   188 |   135 ||   427
       Punch             |     2 |       |       ||     2
Invok: Berserk           |     1 |     3 |     1 ||     5
       Trog's Hand       |       |     1 |     1 ||     2
  Use: Scroll            |     5 |     4 |       ||     9
 Stab: Sleeping          |       |     2 |       ||     2
Armor: Animal skin       |    44 |    41 |       ||    85
       Ring mail         |       |    12 |    38 ||    50
Dodge: Dodged            |    81 |   114 |    67 ||   262
Block: Buckler           |       |     6 |    15 ||    21
